 Dungeon Crawl Stone Soup version 0.16.2-12-gd0ad4c3 (webtiles) character file.

808 Dadi the Ducker (level 7, -2/64 HPs)
             Began as a Deep Dwarf Gladiator on Oct 21, 2015.
             Slain by a gnoll
             ... wielding a +1 flail of holy wrath
              (4 damage)
             ... on level 5 of the Dungeon.
             The game lasted 00:11:46 (3738 turns).

Dadi the Ducker (Deep Dwarf Gladiator)              Turns: 3738, Time: 00:11:46

Health: -2/64      AC:  4    Str: 19    XL:     7   Next: 60%
Magic:  4/4        EV: 16    Int:  8    God:
Gold:   276        SH:  0    Dex: 15    Spells: 0 memorised, 6 levels left

rFire  . . .     SeeInvis .     a - +0 trident
rCold  . . .     Clarity  .     b - +0 leather armour (curse)
rNeg   . . .     SustAb   .     (no shield)
rPois  .         Gourm    .     c - +0 helmet
rElec  .         Spirit   .     (no cloak)
rCorr  .         Warding  .     (no gloves)
rMut   .         Stasis   .     (no boots)
MR     +....                    (no amulet)
Stlth  +.........               (no ring)
                                (no ring)

@: non-regenerating, somewhat resistant to hostile enchantments, very unstealthy
A: damage resistance, recharge devices, sense surroundings 1, slow healing 3
a: Device Recharging


You were on level 5 of the Dungeon.
You were very hungry.

You visited 2 branches of the dungeon, and saw 6 of its levels.

You collected 276 gold pieces.

Inventory:

Hand weapons
 a - a +0 trident (weapon)
 y - a +0 scythe
 A - a +2 flail of protection
Armour
 b - a cursed +0 leather armour (worn)
 c - a +0 helmet (worn)
Magical devices
 d - a wand of confusion (19)
 e - a wand of heal wounds (4)
Scrolls
 j - 2 scrolls of enchant armour {unknown}
 k - a scroll of immolation {unknown}
 l - a scroll of blinking {unknown}
 m - 10 scrolls of identify {unknown}
 o - a scroll of magic mapping {unknown}
 p - 3 scrolls of remove curse {unknown}
 s - a scroll of teleportation {unknown}
 u - a scroll of amnesia {unknown}
 w - a scroll of recharging {unknown}
 x - a scroll of noise {unknown}
 z - a scroll of fear {unknown}
Potions
 h - 4 potions of curing {unknown}
 n - 2 potions of heal wounds {unknown}
 q - 2 potions of agility {unknown}
 r - 2 potions of ambrosia {unknown}
 t - a potion of poison {unknown}
 v - 3 potions of haste {unknown}
Comestibles
 f - 6 bread rations
 g - 2 slices of pizza
 i - 4 meat rations


   Skills:
 - Level 4.0 Fighting
 - Level 5.3 Polearms
 - Level 1.7 Throwing
 + Level 7.0 Dodging


You had 6 spell levels left.
You didn't know any spells.

Dungeon Overview and Level Annotations

Branches:
Dungeon (5/15)             Temple (1/1) D:4

Altars:
Dithmenos
Fedhas
Gozag
Kikubaaqudgha
Nemelex Xobeh
Okawaru
Qazlal
Ru
Trog
Xom
Yredelemnul
Zin

Shops:
D:4 [


Innate Abilities, Weirdness & Mutations

You are resistant to damage.
You can recharge devices by infusing magical energy.
You passively map a small area around you.
You do not heal naturally.


Message History

The gnoll hits you with a flail of holy wrath!
* * * LOW HITPOINT WARNING * * *
You hit the gnoll.
The gnoll is moderately wounded.
The gnoll hits you with a flail of holy wrath!
* * * LOW HITPOINT WARNING * * *
You hit the gnoll.
The gnoll is heavily wounded.
The gnoll closely misses you.
You closely miss the gnoll.
The gnoll is heavily wounded.
The gnoll closely misses you.
You hit the gnoll.
The gnoll is almost dead.
The gnoll hits you with a flail of holy wrath.
* * * LOW HITPOINT WARNING * * *
You closely miss the gnoll.
The gnoll is almost dead.
The gnoll hits you with a flail of holy wrath!
You die...

####'##....##+#.......# +..*
......................# , #.g###
.)....................# #<..#.
......................# ##...#.
......................+, +....'.
......................# ##+###g
......................###+#....#g
.................).............#.
###.....####....@..............#.
..+.....# #.....g.............'.
..#.....# #...................##
........# #...............##'#..
######### ####.......######..#..
#..<....# #...+.. #.......#
#...#.. #.......# #####..
######### ###


You could see a gnoll.

Vanquished Creatures
  An ice beast (D:5)
  A phantom (D:4)
  An ogre (D:4)
  Sigmund (D:2)
  2 crimson imps
  A centaur skeleton (D:4)
  2 hounds
  An orc wizard (D:4)
  2 iguanas
  A worker ant (D:4)
  A mummy (D:4)
  5 adders
  6 gnolls
  2 worms
  An adder zombie (D:4)
  4 giant geckos
  4 orcs
  4 bats
  3 giant cockroaches
  6 hobgoblins
  9 jackals
  2 quokkas
  2 giant newts
  10 goblins
  A jackal skeleton (D:4)
  8 kobolds
  7 rats
88 creatures vanquished.

Vanquished Creatures (others)
  A human (D:4)
1 creature vanquished.

Grand Total: 89 creatures vanquished

Notes
Turn   | Place    | Note
--------------------------------------------------------------
     0 | D:1      | Dadi, the Deep Dwarf Gladiator, began the quest for the Orb.
     0 | D:1      | Reached XP level 1. HP: 19/19 MP: 1/1
   242 | D:1      | Reached XP level 2. HP: 10/26 MP: 2/2
   708 | D:2      | Found a sparkling altar of Nemelex Xobeh.
   708 | D:2      | Found a basalt altar of Yredelemnul.
   772 | D:2      | Reached XP level 3. HP: 12/32 MP: 3/3
   852 | D:2      | Reached skill level 4 in Polearms
   932 | D:2      | Noticed Sigmund
  1292 | D:3      | Found a blossoming altar of Fedhas.
  1622 | D:4      | Reached XP level 4. HP: 30/39 MP: 4/4
  1730 | D:4      | Found a sacrificial altar of Ru.
  1741 | D:4      | Reached skill level 5 in Polearms
  1765 | D:4      | Reached XP level 5. HP: 19/45 MP: 5/5
  1831 | D:4      | Noticed a phantom
  1863 | D:4      | Killed a phantom
  1864 | D:4      | Found an ancient bone altar of Kikubaaqudgha.
  1866 | D:4      | Noticed a human
  1868 | D:4      | Found Strarat's Armour Boutique.
  1869 | D:4      | Killed a human
  1934 | D:4      | Noticed an ogre
  1938 | D:4      | Killed an ogre
  1938 | D:4      | Reached XP level 6. HP: 19/57 MP: 6/6
  2079 | D:4      | Found a staircase to the Ecumenical Temple.
  2089 | Temple   | Entered the Ecumenical Temple
  2768 | D:5      | Entered Level 5 of the Dungeon
  2842 | D:5      | Reached skill level 5 in Dodging
  2866 | D:5      | Reached XP level 7. HP: 15/64 MP: 7/7
  2952 | D:5      | HP: 3/64 [ice beast (10)]
  3058 | D:5      | Reached skill level 6 in Dodging
  3350 | D:2      | Killed Sigmund
  3718 | D:4      | Reached skill level 7 in Dodging
  3737 | D:5      | HP: 2/64 [gnoll/flail of holy wrath (4)]
  3738 | D:5      | Slain by a gnoll

Action                   |  1- 3 |  4- 6 |  7- 9 || total
-------------------------+-------+-------+-------++-------
Melee: Trident           |   180 |   210 |   119 ||   509
Throw: Throwing net      |    14 |     2 |       ||    16
 Abil: Device Recharging |       |       |     3 ||     3
Evoke: Wand              |     1 |     3 |     7 ||    11
 Stab: Held in net/web   |     1 |     2 |       ||     3
       Paralysed         |       |     2 |       ||     2
       Sleeping          |       |     1 |       ||     1
  Eat: Chunk             |     2 |     4 |       ||     6
       Fruit             |       |       |     3 ||     3
